 Dungeon Crawl Stone Soup version 0.24-a0-517-gd52e2fb918 (webtiles) character file.

Game seed: 6664123352432829806

143 nikopol the Chopper (level 5, -3/70 HPs)
             Began as a Minotaur Berserker on July 22, 2019.
             Was a Believer of Trog.
             Slain by a gnoll
             ... wielding a +0 spear
              (4 damage)
             ... on level 3 of the Dungeon.
             The game lasted 00:02:08 (1841 turns).

nikopol the Chopper (Minotaur Berserker)            Turns: 1841, Time: 00:02:09

Health: -3/70      AC:  5    Str: 27    XL:     5   Next: 4%
Magic:  4/4        EV:  9    Int:  4    God:    Trog [**....]
Gold:   87         SH:  0    Dex: 10    Spells: 4/4 levels left

rFire    . . .     SeeInvis .   a - +0 hand axe
rCold    . . .     Gourm    .   (no shield)
rNeg     . . .     Faith    .   d - +0 ring mail
rPois    .         Spirit   .   (helmet restricted)
rElec    .         Reflect  .   (no cloak)
rCorr    .         Harm     .   (no gloves)
MR       .....                  (no boots)
Stlth    ..........             (no amulet)
HPRegen  0.21/turn              i - -3 ring of evasion (curse)
MPRegen  0.09/turn              (no ring)

@: berserking (expiring), starving, very quick
A: retaliatory headbutt, horns 2
a: Berserk, Trog's Hand, Renounce Religion


You were on level 3 of the Dungeon.
You worshipped Trog.
Trog was pleased with you.
You were starving.

You visited 1 branch of the dungeon, and saw 3 of its levels.

You collected 87 gold pieces.

Inventory:

Hand Weapons
 a - a +0 hand axe (weapon)
Missiles
 q - 22 arrows
Armour
 b - a +0 animal skin
 d - a +0 ring mail (worn)
Jewellery
 i - a cursed -3 ring of evasion (left hand)
Scrolls
 e - 2 scrolls of noise {unknown}
 f - 2 scrolls of random uselessness {unknown}
 j - a scroll of fear {unknown}
 k - 3 scrolls of remove curse {unknown}
 l - a scroll of teleportation {unknown}
 n - a scroll of immolation {unknown}
 o - 3 scrolls of identify {unknown}
 r - a scroll of enchant armour {unknown}
Potions
 g - 2 potions of flight {unknown}
 h - a potion of invisibility {unknown}
 m - a potion of degeneration {unknown}
Comestibles
 c - 3 rations


   Skills:
 + Level 4.7 Fighting
 + Level 5.1 Axes
 + Level 3.8 Armour
 + Level 2.8 Dodging
 + Level 0.1 Stealth


You had 4 spell levels left.
You didn't know any spells.
Your spell library was empty.

Dungeon Overview and Level Annotations

Branches:
Dungeon (3/15)

Altars:
Dithmenos


Innate Abilities, Weirdness & Mutations

You reflexively headbutt those who attack you in melee.
You have a pair of horns on your head.


Message History

You kill the gnoll!
Trog accepts your kill.
Your Axes skill increases to level 5!
You closely miss the gnoll. x2; The gnoll hits you but does no damage.
The gnoll hits you from afar with a +0 spear.
* * * LOW HITPOINT WARNING * * *
You completely miss the gnoll.
The gnoll is moderately wounded.
You closely miss the gnoll. The gnoll hits you with a +0 spear!
* * * LOW HITPOINT WARNING * * *
The gnoll hits you.
* * * LOW HITPOINT WARNING * * *
You hit the gnoll. Your headbutt misses the gnoll.
The gnoll is heavily wounded.
You slash the gnoll!
You kill the gnoll!
Trog accepts your kill.
You have reached level 5!
The gnoll hits you from afar with a +0 spear.
You die...

........##.....#
...............#
#.
#.....##..<....#
...
##..#..###......#
...?##..#
#..##..#####
........###......#
.#...#...#....####
......g()†..###
#g)@)....#
#....###...†.# #..
#.....# ♣ #.....#
#.....# #.....#
#.....# #.....#


You could see 2 gnolls.

Vanquished Creatures
  A gnoll shaman (D:3)
  An adder (D:2)
  3 gnolls (D:3)
  An ooze (D:2)
  2 worms (D:3)
  5 dart slugs
  A leopard gecko (D:2)
  2 orcs
  A ball python (D:2)
  3 bats
  3 giant cockroaches
  4 goblins
  6 hobgoblins
  5 jackals
  4 frilled lizards
  5 kobolds
  8 rats
55 creatures vanquished.

Notes
Turn   | Place    | Note
-------+----------+-------------------------------------------
     0 | D:1      | nikopol the Minotaur Berserker began the quest for the Orb.
     0 | D:1      | Reached XP level 1. HP: 19/19 MP: 0/0
   113 | D:1      | Reached XP level 2. HP: 13/27 MP: 1/1
   498 | D:1      | Reached skill level 4 in Axes
   527 | D:1      | You fall into a shaft and drop 1 floor!
   596 | D:2      | Reached XP level 3. HP: 15/33 MP: 2/2
   768 | D:2      | Reached ** piety under Trog
  1518 | D:2      | Reached XP level 4. HP: 33/41 MP: 3/3
  1801 | D:3      | Found a shadowy altar of Dithmenos.
  1839 | D:3      | Reached skill level 5 in Axes
  1840 | D:3      | HP: 1/61 [gnoll (3)]
  1841 | D:3      | Reached XP level 5. HP: 1/47 MP: 4/4
  1841 | D:3      | Slain by a gnoll

Levels and vault maps discovered:
D:1:      roderic_dead_forest, layout_basic
D:2:      layout_loops_ring
D:3:      wander_river, layout_basic, nicolae_dithmenos_shadow_blocks,
          uniq_crazy_yiuf_cottage

Skill      XL: |  1  2  3  4 |
---------------+-------------+-----
Axes           | 4 5 |  5.1
Fighting       | 4 |  4.7
Armour         | 3 |  3.8
Dodging        | |  2.8
Stealth        | |  0.1

Action                   |  1- 3 |  4- 6 || total
-------------------------+-------+-------++-------
Melee: Hand axe          |    95 |    30 ||   125
       Headbutt          |    11 |     4 ||    15
Invok: Berserk           |       |     1 ||     1
  Eat: Chunk             |     2 |       ||     2
Armor: Ring mail         |    37 |     7 ||    44
Dodge: Dodged            |    41 |     6 ||    47

Table legend:
 A = Non-vault XP
 B = Vault XP
 C = Vault XP percentage of total XP
 D = Non-vault monster count
 E = Vault monster count
 F = Vault count percentage of total count
                 A         B        C        D         E       F
            +---------+---------+-------+---------+---------+-------
      Total |     205 |       0 |   0.0 |      55 |       0 |   0.0
            +---------+---------+-------+---------+---------+-------
        D:1 |      37 |       0 |   0.0 |      19 |       0 |   0.0
        D:2 |      65 |       0 |   0.0 |      25 |       0 |   0.0
        D:3 |     103 |       0 |   0.0 |      11 |       0 |   0.0
            +---------+---------+-------+---------+---------+-------
